Atomiques vs Influenza
(R2)
Created - 12 mai 2016 at 19:06
Goals
|
| Atomiques |
2 |
2 |
0 |
4 |
| Influenza |
3 |
2 |
3 |
8 |
|
Shots
|
| Atomiques |
8 |
11 |
8 |
27 |
| Influenza |
11 |
8 |
18 |
37 |
|
1st period
1. Atomiques , Ryan Shannon 3 (Marc-Antoine Pouliot, Kenndal McArdle) at 5:36 (PP)
2. Atomiques , Ryan Shannon 4 (Marc-André Cliche) at 8:50 (SH)
3. Influenza , Noah Welch 2 (Ryan Carter, Robbie Earl) at 8:56 (PP)
4. Influenza , Martins Karsums 8 (Ryan Carter) at 16:37
5. Influenza , Robbie Earl 3 (Martins Karsums, Ryan Carter) at 16:51
Penalties :
Tyler Kennedy (STB) for Hooking (Minor) at 2:25, Jamie Benn (VJB) for Tripping (Minor) at 3:53, Tyler Brenner (STB) for Holding (Minor) at 6:57, Mathieu Carle (VJB) for Hooking (Minor) at 11:59, Tyler Brenner (STB) for Roughing (Minor) at 16:54
2nd period
6. Atomiques , Brad Winchester 3 (Tyler Kennedy, Tyler Brenner) at 4:02 (PP)
7. Influenza , Robbie Earl 4 (Martins Karsums, Ryan Carter) at 10:57 (PP)
8. Atomiques , Tyler Brenner 3 (Shawn Belle, Brad Winchester) at 11:07
9. Influenza , Martins Karsums 9 (Mathieu Carle, Robbie Earl) at 18:24
Penalties :
Martins Karsums (VJB) for Elbowing (Minor) at 0:22, Robbie Earl (VJB) for Holding Stick (Minor) at 0:36, Matt Corrente (VJB) for Hooking (Minor) at 3:44, Tyler Kennedy (STB) for Holding (Minor) at 4:27, Ryan Shannon (STB) for Cross-checking (Minor) at 10:33
3rd period
10. Influenza , Corey Tropp 1 (Charlie Coyle) at 17:37
11. Influenza , Jeremy Morin 2 (Andreas Engqvist, T.J Galiardi) at 17:59
12. Influenza , Mathieu Carle 1 (Martins Karsums, Ryan Carter) at 18:07 (PP)
Penalties :
Davis Drewiske (STB) for Cross-checking (Minor) at 2:11, Brad Winchester (STB) for Holding (Minor) at 3:24, Matt Corrente (VJB) for Roughing (Minor) at 7:42, Zac Dalpe (VJB) for Tripping (Minor) at 11:56, Victor Hedman (STB) for Tripping (Minor) at 18:02
Goalie Stats
Alex Auld (STB), 29 saves from 37 shots - (0,784), L, 3-2-1, 60:00 minutes
Alex Stalock (VJB), 23 saves from 27 shots - (0,852), W, 3-2-0, 60:00 minutes
Players Stats for Atomiques
Player Name G A P +/- PIM S H SB GA TA FO MP PP MP PK MP
------------------------------------------------------------------------------------
Alex Berry 0 0 0 0 0 0 0 0 0 0 0/0 7:01 0:16 0:00
Alexander Sulzer 0 0 0 -4 0 1 3 2 0 0 0/0 29:01 5:26 6:33
Andrew Kozek 0 0 0 -3 0 5 1 2 0 0 0/0 12:51 0:28 2:50
Anthony Nigro 0 0 0 0 0 0 0 0 0 0 0/0 0:00 0:00 0:00
Brad Winchester 1 1 2 0 2 2 2 2 2 1 7/15 23:36 4:44 5:40
Brett Sutter 0 0 0 0 0 1 1 0 1 1 1/1 8:06 0:00 1:30
Casey Borer 0 0 0 0 0 0 0 0 0 0 0/0 0:00 0:00 0:00
Clayton Stoner 0 0 0 -1 0 0 0 0 0 0 0/0 8:14 0:04 0:00
Davis Drewiske 0 0 0 2 2 2 4 3 0 0 0/0 22:19 4:10 4:08
Drew Larman 0 0 0 0 0 0 0 0 0 0 0/0 0:09 0:00 0:09
John McCarthy 0 0 0 0 0 2 2 0 1 0 1/1 6:36 0:00 0:00
Kenndal McArdle 0 1 1 -1 0 1 0 0 0 0 0/0 14:45 4:35 0:18
Kyle Wharton 0 0 0 -1 0 0 0 1 0 1 0/0 8:43 0:00 0:33
Mac Bennett 0 0 0 0 0 0 0 0 0 0 0/0 0:00 0:00 0:00
Marc-André Cliche 0 1 1 -2 0 0 1 0 1 0 9/12 13:02 0:00 3:39
Marc-Antoine Pouliot 0 1 1 -1 0 0 4 0 1 0 3/7 14:27 4:35 0:00
Nick Johnson 0 0 0 -3 0 0 1 0 1 0 0/1 10:18 0:28 0:00
Roman Polak 0 0 0 0 0 0 0 0 0 0 0/0 0:00 0:00 0:00
Ryan Shannon 2 0 2 0 2 4 1 0 1 0 1/1 18:24 4:40 2:21
Scott Jackson 0 0 0 0 0 0 0 0 0 0 0/0 0:00 0:00 0:00
Shawn Belle 0 1 1 2 0 0 2 1 1 2 0/0 22:45 4:10 4:33
Trevor Van Riemsdyk 0 0 0 0 0 0 0 0 0 0 0/0 0:00 0:00 0:00
Tyler Brenner 1 1 2 0 4 6 0 0 1 1 13/29 18:15 4:37 0:50
Tyler Kennedy 0 1 1 0 4 3 0 0 0 2 0/1 19:58 4:37 4:05
Victor Hedman 0 0 0 -4 2 0 1 1 1 0 0/0 28:59 5:30 6:28
Players Stats for Influenza
Player Name G A P +/- PIM S H SB GA TA FO MP PP MP PK MP
------------------------------------------------------------------------------------
Andreas Engqvist 0 1 1 1 0 1 2 0 1 0 4/6 10:11 0:00 0:00
Ben Smith 0 0 0 0 0 1 2 0 0 0 0/0 13:55 4:20 0:00
Brian Salcido 0 0 0 1 0 1 1 0 0 1 0/0 10:45 0:00 1:06
Charlie Coyle 0 1 1 1 0 0 0 0 0 1 0/1 6:54 0:00 1:18
Corey Tropp 1 0 1 1 0 4 0 0 0 0 0/0 5:46 0:03 0:00
Jamie Benn 0 0 0 0 2 1 0 0 1 0 0/0 16:06 4:19 2:36
Jeremy Morin 1 0 1 1 0 3 0 0 0 0 0/0 10:40 0:03 0:00
John Klingberg 0 0 0 1 0 0 0 1 0 1 0/0 21:02 4:12 4:42
Martins Karsums 2 3 5 1 2 5 1 1 0 0 3/5 21:50 6:43 2:05
Mathieu Carle 1 1 2 1 2 3 0 0 0 3 0/0 27:30 6:54 3:08
Matt Corrente 0 0 0 1 4 1 1 3 3 0 0/0 19:54 4:12 3:37
Noah Welch 1 0 1 1 0 2 0 3 0 3 0/0 28:40 6:54 4:17
Oskars Bartulis 0 0 0 1 0 2 1 2 0 0 0/0 12:09 0:00 2:30
Robbie Earl 2 2 4 1 2 7 2 1 1 0 2/4 23:50 6:43 3:44
Ryan Carter 0 5 5 1 0 3 1 1 0 1 21/45 24:37 6:40 4:39
Ryan Russell 0 0 0 1 0 0 1 0 0 0 0/0 8:46 0:00 3:12
T.J Galiardi 0 1 1 1 0 3 0 0 2 0 1/1 11:18 0:06 0:00
Zac Dalpe 0 0 0 0 2 0 3 1 0 1 2/6 14:04 4:20 0:00
3 Stars
1 - Martins Karsums (VJB)
2 - Robbie Earl (VJB)
3 - Ryan Carter (VJB)
Power Play
Atomiques - 2 on 7 Attempt(s) - 28,57%
Influenza - 3 on 8 Attempt(s) - 37,50%
Penalty Kill
Atomiques - 5 on 8 Attempt(s) - 62,50%
- Score 1 goal in Penalty Kill
Influenza - 5 on 7 Attempt(s) - 71,43%
- Score 0 goal in Penalty Kill
Team Stat
Atomiques - Hits : 23 - Faceoff Wins : 35 - Blocked Shots : 12 - Penalty Minutes : 16
Influenza - Hits : 15 - Faceoff Wins : 33 - Blocked Shots : 13 - Penalty Minutes : 14
Official
Referees : Leggo Mike and Furlatt Eric
Linesman : Mark Pare and Michel Cormier
Game Notes
No Game Note
Finance
Level 1 -- Attendance: 1864 (93,20%) -- Ticket Income 74 560 $
Level 2 -- Attendance: 882 (88,20%) -- Ticket Income 17 640 $
Total Attendance: 2746 (91,53%)
Total Ticket Income: 92 200 $
Other Income: 4 610 $
Total Income: 96 810 $
Atomiques
5 vs 5 Forward
Center Left Wing Right Wing Time % Phy DF OF
1 Tyler Brenner Brad Winchester Tyler Kennedy 40 1 2 2
2 Marc-Antoine Pouliot Kenndal McArdle Ryan Shannon 30 1 2 2
3 Marc-André Cliche Andrew Kozek Nick Johnson 20 1 2 2
4 Brett Sutter John McCarthy Alex Berry 10 1 2 2
5 vs 5 Defense
Defense Defense Time % Phy DF OF
1 Alexander Sulzer Victor Hedman 40 1 2 2
2 Shawn Belle Davis Drewiske 30 1 2 2
3 Clayton Stoner Kyle Wharton 20 1 2 2
4 Alexander Sulzer Victor Hedman 10 1 2 2
PowerPlay Forward
Center Left Wing Right Wing Time % Phy DF OF
1 Tyler Brenner Brad Winchester Tyler Kennedy 60 1 2 2
2 Marc-Antoine Pouliot Kenndal McArdle Ryan Shannon 40 1 2 2
PowerPlay Defense
Defense Defense Time % Phy DF OF
1 Alexander Sulzer Victor Hedman 60 1 2 2
2 Shawn Belle Davis Drewiske 40 1 2 2
Penalty Kill 4 Players Forward
Center Wing Time % Phy DF OF
1 Brad Winchester Tyler Kennedy 60 1 2 2
2 Ryan Shannon Tyler Brenner 40 1 2 2
Penalty Kill 4 Players Defense
Defense Defense Time % Phy DF OF
1 Alexander Sulzer Victor Hedman 60 1 2 2
2 Shawn Belle Davis Drewiske 40 1 2 2
Penalty Kill - 3 Players Forward
Forward Time % Phy DF OF
1 Brad Winchester 60 1 2 2
2 Tyler Kennedy 40 1 2 2
Penalty Kill - 3 Players Defense
Defense Defense Time % Phy DF OF
1 Alexander Sulzer Victor Hedman 60 1 2 2
2 Shawn Belle Davis Drewiske 40 1 2 2
4 vs 4 Forward
Center Wing Time % Phy DF OF
1 Brad Winchester Tyler Kennedy 60 1 2 2
2 Ryan Shannon Tyler Brenner 40 1 2 2
4 vs 4 Defense
Defense Defense Time % Phy DF OF
1 Alexander Sulzer Victor Hedman 60 1 2 2
2 Shawn Belle Davis Drewiske 40 1 2 2
Last Minutes Offensive
Center Left Wing Right Wing Defense Defense
Tyler Brenner Brad Winchester Tyler Kennedy Alexander Sulzer Victor Hedman
Last Minutes Defensive
Center Left Wing Right Wing Defense Defense
Tyler Brenner Brad Winchester Tyler Kennedy Alexander Sulzer Victor Hedman
Goaltenders
Starting : Alex Auld
Backup : Sergei Bobrovsky
Extra Forwards
Normal : Nick Johnson, Andrew Kozek, Marc-André Cliche - PP : Nick Johnson, Andrew Kozek - PK : Marc-André Cliche
Extra Defensemen
Normal : Clayton Stoner, Kyle Wharton, Shawn Belle - PP : Clayton Stoner - PK : Kyle Wharton, Shawn Belle
Penalty Shots
Brad Winchester, Tyler Kennedy, Ryan Shannon, Tyler Brenner, Marc-Antoine Pouliot
Influenza
5 vs 5 Forward
Center Left Wing Right Wing Time % Phy DF OF
1 Ryan Carter Robbie Earl Martins Karsums 40 1 2 2
2 Zac Dalpe Jamie Benn Ben Smith 30 1 2 2
3 Andreas Engqvist T.J Galiardi Jeremy Morin 20 1 2 2
4 Charlie Coyle Ryan Russell Corey Tropp 10 1 2 2
5 vs 5 Defense
Defense Defense Time % Phy DF OF
1 Noah Welch Mathieu Carle 40 1 2 2
2 John Klingberg Matt Corrente 30 1 2 2
3 Brian Salcido Oskars Bartulis 20 1 2 2
4 Noah Welch Mathieu Carle 10 1 2 2
PowerPlay Forward
Center Left Wing Right Wing Time % Phy DF OF
1 Ryan Carter Robbie Earl Martins Karsums 60 1 2 2
2 Zac Dalpe Jamie Benn Ben Smith 40 1 2 2
PowerPlay Defense
Defense Defense Time % Phy DF OF
1 Noah Welch Mathieu Carle 60 1 2 2
2 John Klingberg Matt Corrente 40 1 2 2
Penalty Kill 4 Players Forward
Center Wing Time % Phy DF OF
1 Ryan Carter Robbie Earl 60 1 2 2
2 Martins Karsums Jamie Benn 40 1 2 2
Penalty Kill 4 Players Defense
Defense Defense Time % Phy DF OF
1 Noah Welch Mathieu Carle 60 1 2 2
2 John Klingberg Matt Corrente 40 1 2 2
Penalty Kill - 3 Players Forward
Forward Time % Phy DF OF
1 Ryan Carter 60 1 2 2
2 Robbie Earl 40 1 2 2
Penalty Kill - 3 Players Defense
Defense Defense Time % Phy DF OF
1 Noah Welch Mathieu Carle 60 1 2 2
2 John Klingberg Matt Corrente 40 1 2 2
4 vs 4 Forward
Center Wing Time % Phy DF OF
1 Ryan Carter Robbie Earl 60 1 2 2
2 Martins Karsums Jamie Benn 40 1 2 2
4 vs 4 Defense
Defense Defense Time % Phy DF OF
1 Noah Welch Mathieu Carle 60 1 2 2
2 John Klingberg Matt Corrente 40 1 2 2
Last Minutes Offensive
Center Left Wing Right Wing Defense Defense
Ryan Carter Robbie Earl Martins Karsums Noah Welch Mathieu Carle
Last Minutes Defensive
Center Left Wing Right Wing Defense Defense
Ryan Carter Robbie Earl Martins Karsums Noah Welch Mathieu Carle
Goaltenders
Starting : Alex Stalock
Backup : Thomas McCollum
Extra Forwards
Normal : T.J Galiardi, Jeremy Morin, Ryan Russell - PP : T.J Galiardi, Jeremy Morin - PK : Ryan Russell
Extra Defensemen
Normal : Brian Salcido, Oskars Bartulis, John Klingberg - PP : Brian Salcido - PK : Oskars Bartulis, John Klingberg
Penalty Shots
Ryan Carter, Robbie Earl, Martins Karsums, Jamie Benn, Ben Smith
% Time on Ice - Atomiques
Lines # - Real PCT - Wanted PCT - Time Play
Normal Forward
1 - 30% - 40% - 11:32
2 - 30% - 30% - 11:41
3 - 23% - 20% - 8:54
4 - 17% - 10% - 6:36
Normal Defense
1 - 43% - 40% - 16:31
2 - 36% - 30% - 14:02
3 - 21% - 20% - 8:10
4 - 0% - 10% - 0:00
PP Forward
1 - 52% - 60% - 5:00
2 - 48% - 40% - 4:40
PP Defense
1 - 57% - 60% - 5:30
2 - 43% - 40% - 4:10
PK Forward
1 - 77% - 60% - 7:59
2 - 23% - 40% - 2:21
PK Defense
1 - 58% - 60% - 6:01
2 - 42% - 40% - 4:19
PK3 Forward
1 - 100% - 60% - 0:46
2 - 0% - 40% - 0:00
PK3 Defense
1 - 70% - 60% - 0:32
2 - 30% - 40% - 0:14
44 Forward
1 - 94% - 60% - 0:29
2 - 6% - 40% - 0:02
44 Defense
1 - 100% - 60% - 0:31
2 - 0% - 40% - 0:00
Last Minute Offensive - 0:00
Last Minute Defensive - 0:00
Total
Forward - 60:00
Defense - 60:00
|
% Time on Ice - Influenza
Lines # - Real PCT - Wanted PCT - Time Play
Normal Forward
1 - 35% - 40% - 13:31
2 - 25% - 30% - 9:35
3 - 26% - 20% - 10:11
4 - 14% - 10% - 5:26
Normal Defense
1 - 44% - 40% - 16:58
2 - 31% - 30% - 12:06
3 - 25% - 20% - 9:39
4 - 0% - 10% - 0:00
PP Forward
1 - 61% - 60% - 6:46
2 - 39% - 40% - 4:20
PP Defense
1 - 62% - 60% - 6:54
2 - 38% - 40% - 4:12
PK Forward
1 - 74% - 60% - 5:50
2 - 26% - 40% - 2:05
PK Defense
1 - 52% - 60% - 4:05
2 - 48% - 40% - 3:50
PK3 Forward
1 - 51% - 60% - 0:54
2 - 49% - 40% - 0:51
PK3 Defense
1 - 58% - 60% - 1:01
2 - 42% - 40% - 0:44
44 Forward
1 - 71% - 60% - 0:22
2 - 29% - 40% - 0:09
44 Defense
1 - 100% - 60% - 0:31
2 - 0% - 40% - 0:00
Last Minute Offensive - 0:00
Last Minute Defensive - 0:00
Total
Forward - 60:00
Defense - 60:00
|
Play by Play
1st period
0:01 of 1st period - Ryan Carter wins face-off versus Tyler Brenner in neutral zone.
0:12 of 1st period - Snap shot by Martins Karsums.
0:12 of 1st period - Deflect By Robbie Earl.
0:12 of 1st period - Shot Misses the Net.
0:12 of 1st period - Puck is out of play.
0:13 of 1st period - Marc-Antoine Pouliot wins face-off versus Zac Dalpe in Atomiques zone.
0:28 of 1st period - Slapshot by Ben Smith.
0:28 of 1st period - Shot Blocked by Davis Drewiske.
0:44 of 1st period - Wrist shot by Corey Tropp.
0:44 of 1st period - Stopped by Alex Auld with a rebound.
0:46 of 1st period - Slapshot by Brian Salcido.
0:46 of 1st period - Deflect By Davis Drewiske.
0:46 of 1st period - Stopped by Alex Auld with a rebound.
0:48 of 1st period - Snap shot by Corey Tropp.
0:48 of 1st period - Shot Misses the Net.
1:00 of 1st period - Brian Salcido is hit by Davis Drewiske and loses puck.
1:07 of 1st period - Shawn Belle is hit by Brian Salcido and loses puck.
1:43 of 1st period - Wrist shot by T.J Galiardi.
1:43 of 1st period - Stopped by Alex Auld without a rebound.
1:44 of 1st period - John McCarthy wins face-off versus Zac Dalpe in Atomiques zone.
1:55 of 1st period - Wrist shot by John McCarthy.
1:55 of 1st period - Stopped by Alex Stalock with a rebound.
2:25 of 1st period - Minor Penalty to Tyler Kennedy for Hooking.
2:26 of 1st period - Martins Karsums wins face-off versus Brad Winchester in Atomiques zone.
2:26 of 1st period - Snap shot by Ryan Carter.
2:26 of 1st period - Shot Blocked by Alexander Sulzer.
3:53 of 1st period - Minor Penalty to Jamie Benn for Tripping.
3:54 of 1st period - Ryan Carter wins face-off versus Brad Winchester in Influenza zone.
4:25 of 1st period - Penalty to Tyler Kennedy is over, Tyler Kennedy is back on ice.
5:34 of 1st period - Backhand shot by Marc-Antoine Pouliot.
5:34 of 1st period - Shot Blocked by Matt Corrente.
5:36 of 1st period - Snap shot by Ryan Shannon.
5:36 of 1st period - Goal by Ryan Shannon - Atomiques : 1 - Influenza : 0.
5:37 of 1st period - Zac Dalpe wins face-off versus Tyler Brenner in neutral zone.
5:52 of 1st period - Snap shot by Tyler Kennedy.
5:52 of 1st period - Stopped by Alex Stalock without a rebound.
5:53 of 1st period - Marc-André Cliche wins face-off versus Ryan Carter in Influenza zone.
5:54 of 1st period - Snap shot by Nick Johnson.
5:54 of 1st period - Shot Misses the Net.
6:57 of 1st period - Minor Penalty to Tyler Brenner for Holding.
6:58 of 1st period - Brad Winchester wins face-off versus Ryan Carter in Atomiques zone.
7:03 of 1st period - Robbie Earl is hit by Shawn Belle and loses puck.
8:21 of 1st period - Mathieu Carle is hit by Andrew Kozek and loses puck.
8:25 of 1st period - Icing by Mathieu Carle.
8:26 of 1st period - Brad Winchester wins face-off versus Zac Dalpe in Influenza zone.
8:45 of 1st period - Martins Karsums is hit by Marc-André Cliche.
8:46 of 1st period - Icing by Martins Karsums.
8:47 of 1st period - Ryan Shannon wins face-off versus Robbie Earl in Influenza zone.
8:50 of 1st period - Snap shot by Ryan Shannon.
8:50 of 1st period - Goal by Ryan Shannon - Atomiques : 2 - Influenza : 0.
8:51 of 1st period - Ryan Carter wins face-off versus Brad Winchester in neutral zone.
8:54 of 1st period - Slapshot by Ryan Carter.
8:54 of 1st period - Shot Misses the Net.
8:56 of 1st period - Slapshot by Noah Welch.
8:56 of 1st period - Goal by Noah Welch - Atomiques : 2 - Influenza : 1.
8:57 of 1st period - Ryan Carter wins face-off versus Marc-Antoine Pouliot in neutral zone.
9:24 of 1st period - Tyler Brenner is hit by Andreas Engqvist and loses puck.
9:35 of 1st period - Wrist shot by T.J Galiardi.
9:35 of 1st period - Stopped by Alex Auld without a rebound.
9:36 of 1st period - Marc-André Cliche wins face-off versus Ryan Carter in Atomiques zone.
9:41 of 1st period - Slapshot by Victor Hedman.
9:41 of 1st period - Shot Misses the Net.
9:43 of 1st period - Slapshot by Andrew Kozek.
9:43 of 1st period - Stopped by Alex Stalock with a rebound.
10:03 of 1st period - Zac Dalpe is hit by Alexander Sulzer and loses puck.
10:10 of 1st period - Wrist shot by Ben Smith.
10:10 of 1st period - Shot Misses the Net.
10:22 of 1st period - Slapshot by Victor Hedman.
10:22 of 1st period - Shot Blocked by Noah Welch.
11:13 of 1st period - Snap shot by Corey Tropp.
11:13 of 1st period - Shot Hit the Post.
11:29 of 1st period - Snap shot by Jamie Benn.
11:29 of 1st period - Shot Misses the Net.
11:31 of 1st period - Snap shot by Ben Smith.
11:31 of 1st period - Stopped by Alex Auld with a rebound.
11:33 of 1st period - Slapshot by Zac Dalpe.
11:33 of 1st period - Deflect By Ben Smith.
11:33 of 1st period - Shot Misses the Net.
11:33 of 1st period - Puck is out of play.
11:34 of 1st period - Martins Karsums wins face-off versus Tyler Brenner in Atomiques zone.
11:43 of 1st period - Snap shot by Brad Winchester.
11:43 of 1st period - Deflect By Tyler Kennedy.
11:43 of 1st period - Shot Blocked by Ryan Carter.
11:43 of 1st period - Puck is out of play.
11:44 of 1st period - Tyler Brenner wins face-off versus Ryan Carter in Influenza zone.
11:45 of 1st period - Wrist shot by Tyler Kennedy.
11:45 of 1st period - Deflect By Brad Winchester.
11:45 of 1st period - Shot Blocked by John Klingberg.
11:45 of 1st period - Puck is out of play.
11:46 of 1st period - Tyler Brenner wins face-off versus Ryan Carter in Influenza zone.
11:51 of 1st period - Snap shot by Tyler Kennedy.
11:51 of 1st period - Shot Hit the Post.
11:59 of 1st period - Minor Penalty to Mathieu Carle for Hooking.
12:00 of 1st period - Brad Winchester wins face-off versus Ryan Carter in Influenza zone.
12:25 of 1st period - Robbie Earl is hit by Alexander Sulzer and loses puck.
12:30 of 1st period - Slapshot by Ryan Shannon.
12:30 of 1st period - Shot Misses the Net.
12:32 of 1st period - Snap shot by Ryan Shannon.
12:32 of 1st period - Shot Misses the Net.
12:34 of 1st period - Wrist shot by Kenndal McArdle.
12:34 of 1st period - Shot Misses the Net.
12:36 of 1st period - Slapshot by Victor Hedman.
12:36 of 1st period - Shot Blocked by Robbie Earl.
13:59 of 1st period - Penalty to Mathieu Carle is over, Mathieu Carle is back on ice.
14:06 of 1st period - Jeremy Morin is hit by Davis Drewiske and loses puck.
14:47 of 1st period - Snap shot by Corey Tropp.
14:47 of 1st period - Stopped by Alex Auld with a rebound.
15:35 of 1st period - Off-side.
15:36 of 1st period - Ryan Carter wins face-off versus Marc-André Cliche in neutral zone.
15:41 of 1st period - Snap shot by Martins Karsums.
15:41 of 1st period - Shot Misses the Net.
15:43 of 1st period - Slapshot by Mathieu Carle.
15:43 of 1st period - Shot Blocked by Davis Drewiske.
15:45 of 1st period - Snap shot by Martins Karsums.
15:45 of 1st period - Deflect By Shawn Belle.
15:45 of 1st period - Shot Hit the Post.
15:45 of 1st period - Puck is out of play.
15:46 of 1st period - Andreas Engqvist wins face-off versus Tyler Brenner in Atomiques zone.
16:13 of 1st period - Snap shot by Andrew Kozek.
16:13 of 1st period - Shot Misses the Net.
16:15 of 1st period - Wrist shot by Andrew Kozek.
16:15 of 1st period - Stopped by Alex Stalock with a rebound.
16:17 of 1st period - Wrist shot by Andrew Kozek.
16:17 of 1st period - Stopped by Alex Stalock with a rebound.
16:19 of 1st period - Wrist shot by Andrew Kozek.
16:19 of 1st period - Shot Misses the Net.
16:37 of 1st period - Slapshot by Martins Karsums.
16:37 of 1st period - Goal by Martins Karsums - Atomiques : 2 - Influenza : 2.
16:38 of 1st period - Robbie Earl wins face-off versus Tyler Brenner in neutral zone.
16:51 of 1st period - Wrist shot by Robbie Earl.
16:51 of 1st period - Goal by Robbie Earl - Atomiques : 2 - Influenza : 3.
16:52 of 1st period - Tyler Brenner wins face-off versus Ryan Carter in neutral zone.
16:54 of 1st period - Minor Penalty to Tyler Brenner for Roughing.
16:55 of 1st period - Ryan Carter wins face-off versus Brad Winchester in Atomiques zone.
17:03 of 1st period - Wrist shot by Ryan Carter.
17:03 of 1st period - Shot Misses the Net.
17:05 of 1st period - Slapshot by Martins Karsums.
17:05 of 1st period - Stopped by Alex Auld with a rebound.
17:07 of 1st period - Slapshot by Robbie Earl.
17:07 of 1st period - Stopped by Alex Auld with a rebound.
17:09 of 1st period - Snap shot by Martins Karsums.
17:09 of 1st period - Shot Blocked by Brad Winchester.
17:11 of 1st period - Snap shot by Robbie Earl.
17:11 of 1st period - Shot Misses the Net.
18:54 of 1st period - Penalty to Tyler Brenner is over, Tyler Brenner is back on ice.
18:56 of 1st period - Shawn Belle is hit by Zac Dalpe and loses puck.
19:11 of 1st period - Slapshot by Davis Drewiske.
19:11 of 1st period - Deflect By Brett Sutter.
19:11 of 1st period - Stopped by Alex Stalock with a rebound.
Goals for this period are 2 for Atomiques vs 3 for Influenza.
Shots for this period are 8 for Atomiques vs 11 for Influenza.
2nd period
0:01 of 2nd period - Ryan Carter wins face-off versus Tyler Brenner in neutral zone.
0:12 of 2nd period - Snap shot by Ryan Carter.
0:12 of 2nd period - Deflect By Martins Karsums.
0:12 of 2nd period - Stopped by Alex Auld with a rebound.
0:22 of 2nd period - Minor Penalty to Martins Karsums for Elbowing.
0:23 of 2nd period - Tyler Brenner wins face-off versus Ryan Carter in Influenza zone.
0:36 of 2nd period - Minor Penalty to Robbie Earl for Holding Stick.
0:37 of 2nd period - Tyler Brenner wins face-off versus Ryan Carter in Influenza zone.
0:37 of 2nd period - Snap shot by Brad Winchester.
0:37 of 2nd period - Shot Misses the Net.
1:30 of 2nd period - Matt Corrente is hit by Brad Winchester and loses puck.
2:22 of 2nd period - Penalty to Martins Karsums is over, Martins Karsums is back on ice.
2:36 of 2nd period - Penalty to Robbie Earl is over, Robbie Earl is back on ice.
2:46 of 2nd period - Alexander Sulzer is hit by Andreas Engqvist and loses puck.
2:55 of 2nd period - Jeremy Morin is hit by John McCarthy and loses puck.
3:23 of 2nd period - Slapshot by Andrew Kozek.
3:23 of 2nd period - Deflect By Marc-André Cliche.
3:23 of 2nd period - Shot Blocked by Zac Dalpe.
3:23 of 2nd period - Puck is out of play.
3:24 of 2nd period - Ryan Carter wins face-off versus Marc-Antoine Pouliot in Influenza zone.
3:24 of 2nd period - Ryan Carter is hit by Marc-Antoine Pouliot.
3:44 of 2nd period - Minor Penalty to Matt Corrente for Hooking.
3:45 of 2nd period - Ryan Carter wins face-off versus Tyler Brenner in Influenza zone.
3:54 of 2nd period - Snap shot by Victor Hedman.
3:54 of 2nd period - Deflect By Tyler Brenner.
3:54 of 2nd period - Stopped by Alex Stalock without a rebound.
3:55 of 2nd period - Tyler Brenner wins face-off versus Ryan Carter in Influenza zone.
4:00 of 2nd period - Snap shot by Tyler Kennedy.
4:00 of 2nd period - Stopped by Alex Stalock with a rebound.
4:02 of 2nd period - Snap shot by Brad Winchester.
4:02 of 2nd period - Goal by Brad Winchester - Atomiques : 3 - Influenza : 3.
4:03 of 2nd period - Tyler Brenner wins face-off versus Ryan Carter in neutral zone.
4:06 of 2nd period - Wrist shot by Alexander Sulzer.
4:06 of 2nd period - Stopped by Alex Stalock without a rebound.
4:07 of 2nd period - Ryan Carter wins face-off versus Tyler Brenner in Influenza zone.
4:07 of 2nd period - Ryan Carter is hit by Brad Winchester.
4:10 of 2nd period - Icing by Noah Welch.
4:11 of 2nd period - Tyler Brenner wins face-off versus Ryan Carter in Influenza zone.
4:18 of 2nd period - Snap shot by Mathieu Carle.
4:18 of 2nd period - Stopped by Alex Auld with a rebound.
4:27 of 2nd period - Minor Penalty to Tyler Kennedy for Holding.
4:28 of 2nd period - Brad Winchester wins face-off versus Ryan Carter in Atomiques zone.
6:27 of 2nd period - Penalty to Tyler Kennedy is over, Tyler Kennedy is back on ice.
6:37 of 2nd period - Clayton Stoner is hit by Matt Corrente and loses puck.
7:02 of 2nd period - Clayton Stoner is hit by Oskars Bartulis and loses puck.
7:52 of 2nd period - Matt Corrente is hit by Marc-Antoine Pouliot and loses puck.
7:56 of 2nd period - Icing by Ryan Carter.
7:57 of 2nd period - Marc-Antoine Pouliot wins face-off versus Ryan Carter in Influenza zone.
8:12 of 2nd period - Davis Drewiske is hit by Ben Smith and loses puck.
9:22 of 2nd period - Slapshot by Alexander Sulzer.
9:22 of 2nd period - Shot Blocked by Noah Welch.
9:40 of 2nd period - Slapshot by Noah Welch.
9:40 of 2nd period - Shot Misses the Net.
10:00 of 2nd period - Slapshot by Mathieu Carle.
10:00 of 2nd period - Shot Blocked by Kyle Wharton.
10:18 of 2nd period - Kenndal McArdle is hit by Ryan Russell and loses puck.
10:33 of 2nd period - Minor Penalty to Ryan Shannon for Cross-checking.
10:34 of 2nd period - Ryan Carter wins face-off versus Brad Winchester in Atomiques zone.
10:43 of 2nd period - Wrist shot by Ryan Carter.
10:43 of 2nd period - Stopped by Alex Auld without a rebound.
10:44 of 2nd period - Ryan Carter wins face-off versus Brad Winchester in Atomiques zone.
10:45 of 2nd period - Snap shot by Robbie Earl.
10:45 of 2nd period - Shot Misses the Net.
10:57 of 2nd period - Snap shot by Robbie Earl.
10:57 of 2nd period - Goal by Robbie Earl - Atomiques : 3 - Influenza : 4.
10:58 of 2nd period - Tyler Brenner wins face-off versus Ryan Carter in neutral zone.
11:03 of 2nd period - Snap shot by Brad Winchester.
11:03 of 2nd period - Shot Misses the Net.
11:05 of 2nd period - Slapshot by Shawn Belle.
11:05 of 2nd period - Shot Misses the Net.
11:07 of 2nd period - Wrist shot by Tyler Brenner.
11:07 of 2nd period - Goal by Tyler Brenner - Atomiques : 4 - Influenza : 4.
11:08 of 2nd period - Robbie Earl wins face-off versus Tyler Brenner in neutral zone.
11:10 of 2nd period - Noah Welch is hit by Alexander Sulzer and loses puck.
11:41 of 2nd period - Wrist shot by Brad Winchester.
11:41 of 2nd period - Shot Misses the Net.
11:43 of 2nd period - Slapshot by Tyler Brenner.
11:43 of 2nd period - Stopped by Alex Stalock without a rebound.
11:44 of 2nd period - Ryan Carter wins face-off versus Marc-Antoine Pouliot in Influenza zone.
11:53 of 2nd period - Snap shot by Ryan Carter.
11:53 of 2nd period - Stopped by Alex Auld with a rebound.
12:14 of 2nd period - Slapshot by Jamie Benn.
12:14 of 2nd period - Shot Misses the Net.
12:16 of 2nd period - Slapshot by Zac Dalpe.
12:16 of 2nd period - Shot Blocked by Shawn Belle.
12:32 of 2nd period - John Klingberg is hit by Davis Drewiske and loses puck.
12:38 of 2nd period - Icing by John Klingberg.
12:39 of 2nd period - Marc-André Cliche wins face-off versus Andreas Engqvist in Influenza zone.
12:40 of 2nd period - Slapshot by Victor Hedman.
12:40 of 2nd period - Deflect By Marc-André Cliche.
12:40 of 2nd period - Shot Blocked by Matt Corrente.
12:40 of 2nd period - Puck is out of play.
12:41 of 2nd period - Ryan Carter wins face-off versus Tyler Brenner in Influenza zone.
12:52 of 2nd period - Snap shot by Tyler Kennedy.
12:52 of 2nd period - Shot Misses the Net.
13:00 of 2nd period - Brad Winchester is hit by Martins Karsums and loses puck.
13:10 of 2nd period - Off-side.
13:11 of 2nd period - Zac Dalpe wins face-off versus Marc-Antoine Pouliot in neutral zone.
13:45 of 2nd period - Slapshot by Ryan Carter.
13:45 of 2nd period - Shot Blocked by Davis Drewiske.
13:57 of 2nd period - Wrist shot by Brad Winchester.
13:57 of 2nd period - Stopped by Alex Stalock without a rebound.
13:58 of 2nd period - Andreas Engqvist wins face-off versus Tyler Brenner in Influenza zone.
14:46 of 2nd period - Jamie Benn is hit by Victor Hedman and loses puck.
15:27 of 2nd period - Snap shot by Victor Hedman.
15:27 of 2nd period - Shot Blocked by Matt Corrente.
16:07 of 2nd period - Wrist shot by Ben Smith.
16:07 of 2nd period - Deflect By Zac Dalpe.
16:07 of 2nd period - Shot Blocked by Andrew Kozek.
16:07 of 2nd period - Puck is out of play.
16:08 of 2nd period - Marc-André Cliche wins face-off versus Zac Dalpe in Atomiques zone.
16:35 of 2nd period - Snap shot by Martins Karsums.
16:35 of 2nd period - Stopped by Alex Auld without a rebound.
16:36 of 2nd period - Tyler Brenner wins face-off versus Ryan Carter in Atomiques zone.
16:36 of 2nd period - Tyler Brenner is hit by Ryan Carter.
17:06 of 2nd period - Slapshot by Tyler Kennedy.
17:06 of 2nd period - Stopped by Alex Stalock with a rebound.
17:08 of 2nd period - Slapshot by Tyler Brenner.
17:08 of 2nd period - Stopped by Alex Stalock with a rebound.
17:10 of 2nd period - Slapshot by Shawn Belle.
17:10 of 2nd period - Shot Misses the Net.
17:12 of 2nd period - Snap shot by Davis Drewiske.
17:12 of 2nd period - Stopped by Alex Stalock with a rebound.
17:30 of 2nd period - Wrist shot by Kenndal McArdle.
17:30 of 2nd period - Shot Misses the Net.
17:46 of 2nd period - Slapshot by Robbie Earl.
17:46 of 2nd period - Stopped by Alex Auld with a rebound.
17:59 of 2nd period - Icing by Ryan Carter.
18:00 of 2nd period - Marc-Antoine Pouliot wins face-off versus Ryan Carter in Influenza zone.
18:24 of 2nd period - Wrist shot by Martins Karsums.
18:24 of 2nd period - Goal by Martins Karsums - Atomiques : 4 - Influenza : 5.
18:25 of 2nd period - Martins Karsums wins face-off versus Tyler Brenner in neutral zone.
18:57 of 2nd period - Wrist shot by Jamie Benn.
18:57 of 2nd period - Shot Hit the Post.
19:35 of 2nd period - Snap shot by Ryan Shannon.
19:35 of 2nd period - Shot Misses the Net.
19:37 of 2nd period - Snap shot by Andrew Kozek.
19:37 of 2nd period - Stopped by Alex Stalock without a rebound.
19:38 of 2nd period - T.J Galiardi wins face-off versus Marc-André Cliche in Influenza zone.
Goals for this period are 2 for Atomiques vs 2 for Influenza.
Shots for this period are 11 for Atomiques vs 8 for Influenza.
3rd period
0:01 of 3rd period - Ryan Carter wins face-off versus Tyler Brenner in neutral zone.
0:15 of 3rd period - Snap shot by Tyler Brenner.
0:15 of 3rd period - Stopped by Alex Stalock with a rebound.
0:27 of 3rd period - Ryan Shannon is hit by Ben Smith and loses puck.
1:29 of 3rd period - Martins Karsums is hit by Shawn Belle and loses puck.
2:11 of 3rd period - Minor Penalty to Davis Drewiske for Cross-checking.
2:12 of 3rd period - Brad Winchester wins face-off versus Robbie Earl in Atomiques zone.
2:24 of 3rd period - Wrist shot by Robbie Earl.
2:24 of 3rd period - Stopped by Alex Auld without a rebound.
2:25 of 3rd period - Ryan Carter wins face-off versus Brad Winchester in Atomiques zone.
2:36 of 3rd period - Snap shot by Mathieu Carle.
2:36 of 3rd period - Stopped by Alex Auld without a rebound.
2:37 of 3rd period - Ryan Carter wins face-off versus Tyler Kennedy in Atomiques zone.
2:44 of 3rd period - Snap shot by Ryan Carter.
2:44 of 3rd period - Stopped by Alex Auld with a rebound.
2:46 of 3rd period - Wrist shot by Robbie Earl.
2:46 of 3rd period - Stopped by Alex Auld without a rebound.
2:47 of 3rd period - Brad Winchester wins face-off versus Ryan Carter in Atomiques zone.
3:00 of 3rd period - Slapshot by Noah Welch.
3:00 of 3rd period - Deflect By Martins Karsums.
3:00 of 3rd period - Shot Blocked by Brad Winchester.
3:00 of 3rd period - Puck is out of play.
3:01 of 3rd period - Brad Winchester wins face-off versus Ryan Carter in Atomiques zone.
3:01 of 3rd period - Brad Winchester is hit by Robbie Earl.
3:24 of 3rd period - Minor Penalty to Brad Winchester for Holding.
3:25 of 3rd period - Marc-André Cliche wins face-off versus Martins Karsums in Atomiques zone.
3:50 of 3rd period - Alexander Sulzer is hit by Zac Dalpe and loses puck.
4:11 of 3rd period - Penalty to Davis Drewiske is over, Davis Drewiske is back on ice.
5:24 of 3rd period - Penalty to Brad Winchester is over, Brad Winchester is back on ice.
5:30 of 3rd period - Brad Winchester is hit by Zac Dalpe and loses puck.
5:39 of 3rd period - Snap shot by Ryan Shannon.
5:39 of 3rd period - Stopped by Alex Stalock with a rebound.
5:49 of 3rd period - Backhand shot by Ryan Shannon.
5:49 of 3rd period - Shot Blocked by Oskars Bartulis.
5:57 of 3rd period - Wrist shot by Tyler Brenner.
5:57 of 3rd period - Stopped by Alex Stalock with a rebound.
6:21 of 3rd period - Wrist shot by T.J Galiardi.
6:21 of 3rd period - Stopped by Alex Auld with a rebound.
6:23 of 3rd period - Slapshot by Oskars Bartulis.
6:23 of 3rd period - Stopped by Alex Auld with a rebound.
6:41 of 3rd period - Slapshot by Jeremy Morin.
6:41 of 3rd period - Stopped by Alex Auld with a rebound.
6:43 of 3rd period - Slapshot by Oskars Bartulis.
6:43 of 3rd period - Stopped by Alex Auld without a rebound.
6:44 of 3rd period - Marc-André Cliche wins face-off versus Ryan Carter in Atomiques zone.
6:47 of 3rd period - Slapshot by Martins Karsums.
6:47 of 3rd period - Shot Blocked by Andrew Kozek.
6:51 of 3rd period - Wrist shot by Robbie Earl.
6:51 of 3rd period - Stopped by Alex Auld without a rebound.
6:52 of 3rd period - Marc-André Cliche wins face-off versus Ryan Carter in Atomiques zone.
6:57 of 3rd period - Wrist shot by Davis Drewiske.
6:57 of 3rd period - Stopped by Alex Stalock without a rebound.
6:58 of 3rd period - Marc-André Cliche wins face-off versus Ryan Carter in Influenza zone.
6:59 of 3rd period - Slapshot by Andrew Kozek.
6:59 of 3rd period - Stopped by Alex Stalock with a rebound.
7:23 of 3rd period - Noah Welch is hit by John McCarthy and loses puck.
7:32 of 3rd period - Slapshot by Brett Sutter.
7:32 of 3rd period - Shot Misses the Net.
7:34 of 3rd period - Snap shot by John McCarthy.
7:34 of 3rd period - Shot Misses the Net.
7:36 of 3rd period - Snap shot by John McCarthy.
7:36 of 3rd period - Stopped by Alex Stalock with a rebound.
7:42 of 3rd period - Minor Penalty to Matt Corrente for Roughing.
7:43 of 3rd period - Ryan Carter wins face-off versus Tyler Brenner in Influenza zone.
8:12 of 3rd period - Slapshot by Alexander Sulzer.
8:12 of 3rd period - Shot Blocked by Noah Welch.
8:30 of 3rd period - Snap shot by Jamie Benn.
8:30 of 3rd period - Shot Blocked by Alexander Sulzer.
8:32 of 3rd period - Slapshot by Jamie Benn.
8:32 of 3rd period - Stopped by Alex Auld without a rebound.
8:33 of 3rd period - Tyler Brenner wins face-off versus Ryan Carter in Atomiques zone.
9:29 of 3rd period - Jamie Benn is hit by Ryan Shannon and loses puck.
9:42 of 3rd period - Penalty to Matt Corrente is over, Matt Corrente is back on ice.
10:03 of 3rd period - Slapshot by Corey Tropp.
10:03 of 3rd period - Stopped by Alex Auld without a rebound.
10:04 of 3rd period - Marc-André Cliche wins face-off versus Charlie Coyle in Atomiques zone.
10:13 of 3rd period - Snap shot by Marc-André Cliche.
10:13 of 3rd period - Shot Blocked by Oskars Bartulis.
11:00 of 3rd period - Snap shot by Tyler Kennedy.
11:00 of 3rd period - Shot Blocked by Martins Karsums.
11:02 of 3rd period - Slapshot by Brad Winchester.
11:02 of 3rd period - Shot Misses the Net.
11:23 of 3rd period - Clayton Stoner is hit by Robbie Earl and loses puck.
11:48 of 3rd period - Slapshot by Ryan Shannon.
11:48 of 3rd period - Stopped by Alex Stalock with a rebound.
11:50 of 3rd period - Slapshot by Kenndal McArdle.
11:50 of 3rd period - Stopped by Alex Stalock with a rebound.
11:56 of 3rd period - Minor Penalty to Zac Dalpe for Tripping.
11:57 of 3rd period - Ryan Carter wins face-off versus Tyler Brenner in Influenza zone.
12:22 of 3rd period - John Klingberg is hit by Marc-Antoine Pouliot and loses puck.
13:21 of 3rd period - Charlie Coyle is hit by Marc-Antoine Pouliot and loses puck.
13:56 of 3rd period - Penalty to Zac Dalpe is over, Zac Dalpe is back on ice.
13:56 of 3rd period - Matt Corrente is hit by Davis Drewiske and loses puck.
15:22 of 3rd period - Mathieu Carle is hit by Nick Johnson and loses puck.
15:55 of 3rd period - Matt Corrente is hit by Brett Sutter and loses puck.
16:28 of 3rd period - Wrist shot by Matt Corrente.
16:28 of 3rd period - Deflect By Brad Winchester.
16:28 of 3rd period - Stopped by Alex Auld without a rebound.
16:29 of 3rd period - Tyler Brenner wins face-off versus Martins Karsums in Atomiques zone.
17:10 of 3rd period - Off-side.
17:11 of 3rd period - Brett Sutter wins face-off versus Andreas Engqvist in neutral zone.
17:37 of 3rd period - Snap shot by Corey Tropp.
17:37 of 3rd period - Goal by Corey Tropp - Atomiques : 4 - Influenza : 6.
17:38 of 3rd period - Andreas Engqvist wins face-off versus Nick Johnson in neutral zone.
17:41 of 3rd period - Slapshot by Noah Welch.
17:41 of 3rd period - Stopped by Alex Auld with a rebound.
17:43 of 3rd period - Wrist shot by Jeremy Morin.
17:43 of 3rd period - Stopped by Alex Auld without a rebound.
17:44 of 3rd period - Andreas Engqvist wins face-off versus Marc-André Cliche in Atomiques zone.
17:57 of 3rd period - Wrist shot by T.J Galiardi.
17:57 of 3rd period - Deflect By Andreas Engqvist.
17:57 of 3rd period - Stopped by Alex Auld with a rebound.
17:59 of 3rd period - Snap shot by Jeremy Morin.
17:59 of 3rd period - Goal by Jeremy Morin - Atomiques : 4 - Influenza : 7.
18:00 of 3rd period - Tyler Brenner wins face-off versus Ryan Carter in neutral zone.
18:02 of 3rd period - Minor Penalty to Victor Hedman for Tripping.
18:03 of 3rd period - Ryan Carter wins face-off versus Brad Winchester in Atomiques zone.
18:07 of 3rd period - Slapshot by Mathieu Carle.
18:07 of 3rd period - Goal by Mathieu Carle - Atomiques : 4 - Influenza : 8.
18:08 of 3rd period - Ryan Carter wins face-off versus Tyler Brenner in neutral zone.
18:11 of 3rd period - Slapshot by Martins Karsums.
18:11 of 3rd period - Shot Blocked by Victor Hedman.
Goals for this period are 0 for Atomiques vs 3 for Influenza.
Shots for this period are 8 for Atomiques vs 18 for Influenza.
Back to the Top